 Dungeon Crawl Stone Soup version 0.22-a0-358-g7563fe7 (webtiles) character file.

31 GameOver the Firebug (level 3, -2/28 HPs)
             Began as a Naga Fire Elementalist on Apr 18, 2018.
             Slain by a phantom (4 damage)
             ... on level 2 of the Dungeon.
             The game lasted 00:03:46 (791 turns).

GameOver the Firebug (Naga Fire Elementalist)        Turns: 791, Time: 00:03:47

Health: -2/28      AC:  2    Str: 10    XL:     3   Next: 22%
Magic:  3/6        EV: 10    Int: 13    God:
Gold:   28         SH:  0    Dex: 11    Spells: 5/6 levels left

rFire    . . .     SeeInvis +   f - +1 mace
rCold    . . .     Gourm    .   (no shield)
rNeg     . . .     Faith    +   a - +0 robe
rPois    +         Spirit   .   (no helmet)
rElec    .         Reflect  .   (no cloak)
rCorr    .         Harm     .   (no gloves)
MR       .....                  (no barding)
Stlth    ++........             d - amulet of faith (curse)
HPRegen  0.09/turn              j - -3 ring of intelligence (curse)
MPRegen  0.10/turn              (no ring)

@: very slow
A: large, see invisible, deformed body, poison resistance, slowness 2, slow
metabolism 1, spit poison 1, AC +1
a: Spit Poison


You were on level 2 of the Dungeon.
You were not hungry.

You visited 1 branch of the dungeon, and saw 2 of its levels.

You collected 28 gold pieces.

Inventory:

Hand Weapons
 f - a +1 mace (weapon)
Armour
 a - a +0 robe (worn)
Jewellery
 d - a cursed amulet of faith (around neck)
 e - an uncursed amulet of the gourmand
 j - a cursed -3 ring of intelligence (left hand)
Scrolls
 b - a scroll of teleportation
 h - 2 scrolls of amnesia
Comestibles
 c - 7 rations
 g - a chunk of flesh


   Skills:
 - Level 1.5 Dodging
 - Level 3.0 Stealth
 - Level 2.0 Spellcasting
 * Level 2.5 Conjurations
 + Level 3.4 Fire Magic


You had 5 spell levels left.
You knew the following spells:

 Your Spells              Type           Power        Failure   Level  Hunger
a - Flame Tongue          Conj/Fire      #....        8%          1    ##.....


Dungeon Overview and Level Annotations

Branches:
Dungeon (2/15)

Altars:


Innate Abilities, Weirdness & Mutations

You cannot wear boots.
Your serpentine skin is tough. (AC +1)
You have supernaturally acute eyesight. (SInv)
Armour fits poorly on your strangely shaped body.
Your system is resistant to poisons. (rPois)
You cover ground very slowly.
You have a slow metabolism.
You can spit poison.


Message History

Press: ? - help, Shift-Dir - straight line, f/p - phantom
Aim: a phantom (moderately damaged)
The flame tongue hits the phantom.
The phantom is moderately damaged.
You barely miss the phantom.
The phantom is moderately damaged.
The phantom blinks!
The phantom hits you.
* * * LOW HITPOINT WARNING * * *
You closely miss the phantom.
The phantom is moderately damaged.
The phantom hits you.
* * * LOW HITPOINT WARNING * * *
You closely miss the phantom.
The phantom is moderately damaged.
The phantom closely misses you. The phantom hits you.
* * * LOW HITPOINT WARNING * * *
You barely miss the phantom.
The phantom is moderately damaged.
The phantom hits you.
You die...

# ######## # #....... .#
#.###### ###########.#
#.# # ...#...#...# #.#
#####.#.#.#÷#####.######
.........†..............
###?.@W.#.#####.#####.
#######.###.# #.#
.......<)...# #.#
########.#### #.# ...
..# .### #.# .. .. .# .#


You could see a phantom.

Vanquished Creatures
  A dart slug (D:1)
  A leopard gecko (D:2)
  5 bats (D:1)
  2 giant cockroaches (D:1)
  A goblin (D:1)
  2 hobgoblins
  8 kobolds (D:1)
  A ball python (D:1)
  6 frilled lizards
  3 rats
30 creatures vanquished.

Notes
Turn   | Place    | Note
-------+----------+-------------------------------------------
     0 | D:1      | GameOver the Naga Fire Elementalist began the quest for the Orb.
     0 | D:1      | Reached XP level 1. HP: 15/15 MP: 3/3
   116 | D:1      | Reached XP level 2. HP: 21/22 MP: 5/5
   445 | D:1      | Reached XP level 3. HP: 28/28 MP: 6/6
   700 | D:2      | Noticed a phantom
   790 | D:2      | HP: 1/28 [phantom (1)]
   791 | D:2      | Slain by a phantom

Vault maps used:
D:1:      saegor_arrival_under_anarchy, minmay_misc_feat_cross, minivault_23

Skill      XL: |  1  2 |
---------------+-------+-----
Conjurations   | 2 |  2.5
Dodging        | |  1.5
Stealth        | |  3.0
Spellcasting   | |  2.0
Fire Magic     | |  3.4

Action                   || total
-------------------------++-------
Melee: Unarmed           ||     1
       Mace              ||    22
 Cast: Flame Tongue      ||    15
 Abil: Spit Poison       ||    23
  Use: Scroll            ||     4
 Stab: Sleeping          ||     3
  Eat: Chunk             ||     1
Armor: Robe              ||     2
Dodge: Dodged            ||    14

Table legend:
 A = Spawn XP
 B = Non-spawn XP
 C = Spawn XP percentage of total XP
 D = Spawn monster count
 E = Non-spawn monster count
 F = Spawn count percentage of total count
 G = Total turns spent on level
                    A         B        C        D         E        F      G
               +---------+---------+-------+---------+---------+-------+---------
         Total |       0 |      45 |   0.0 |       0 |      30 |   0.0 |   791
               +---------+---------+-------+---------+---------+-------+---------
           D:1 |       0 |      38 |   0.0 |       0 |      26 |   0.0 |   729
           D:2 |       0 |       7 |   0.0 |       0 |       4 |   0.0 |    62
               +---------+---------+-------+---------+---------+-------+---------
